 Dungeon Crawl Stone Soup version 0.27-a0-1186-g8b4daa1eef (webtiles) character file.

Game seed: 3850849057618639952

18827 robertstho the Thaumaturge (level 13, -5/82 HPs)
             Began as a Djinni Fire Elementalist on May 19, 2021.
             Was an Initiate of Gozag.
             Shot with an arrow by a deep elf knight (13 damage)
             ... on level 13 of the Dungeon.
             The game lasted 00:30:51 (14899 turns).

robertstho the Thaumaturge (DjFE)                  Turns: 14899, Time: 00:30:51

Health: -5/82      AC: 10    Str: 14    XL:     13   Next: 0%
Gold:   1888       EV: 13    Int: 31    God:    Gozag SH:  0 Dex:  9

rFire    + + +     SeeInvis +   H - +8 lance "Wyrmbane" {slay drac, rPois rF+ rC+ AC+3}
rCold    + . .     Faith    .   (no shield)
rNeg     + . .     Spirit   .   J - +2 robe {rC+}
rPois    ∞         Reflect  .   s - +2 hat
rElec    .         Harm     .   (no cloak)
rCorr    .         Rampage  .   F - +0 pair of gloves {Str+3}
Will     +....                  (boots unavailable)
Stlth    ++++......             j - amulet "Exukoafi" {rN+ Regen+ Int+3 Dex-5 Stlth+}
HPRegen  1.23/turn              i - ring of see invisible
MPRegen  0.00/turn              g - ring "Qeohea Gorua" {rF+ Str+4 Int+6}

@: flying
A: sickness immunity, fire resistance 2, cold vulnerability 1, float, innate
caster, hp casting, extra vitality 1
a: Renounce Religion, Potion Petition, Call Merchant, Bribe Branch


You were on level 13 of the Dungeon.
You worshipped Gozag.
Gozag was most pleased with you.
You visited 1 branch of the dungeon, and saw 13 of its levels.
You also visited: Sewer.

You collected 3051 gold pieces.
You spent 386 gold pieces at shops.
You paid 777 gold pieces to Gozag.

Inventory:

Hand Weapons
 k - a +2 dagger of venom
 E - a +0 short sword of speed
 H - the +8 lance "Wyrmbane" (weapon) {slay drac, rPois rF+ rC+ AC+3}
   (You found it on level 11 of the Dungeon)

   It affects your AC (+3).
   It protects you from fire.
   It protects you from cold.
   It protects you from poison.
Missiles
 l - 2 throwing nets
 C - a curare-tipped dart
Armour
 s - a +2 hat (worn)
 F - a +0 pair of gloves of strength (worn)
 J - a +2 robe of cold resistance (worn)
Jewellery
 f - a ring of positive energy
 g - the ring "Qeohea Gorua" (right hand) {rF+ Str+4 Int+6}
   (You acquired it on level 6 of the Dungeon)

   [ring of intelligence]

   It affects your strength (+4).
   It affects your intelligence (+6).
   It protects you from fire.
 i - a ring of see invisible (left hand)
 j - an amulet "Exukoafi" (around neck) {rN+ Regen+ Int+3 Dex-5 Stlth+}
   (You acquired it on level 6 of the Dungeon)

   [amulet of regeneration]

   It affects your intelligence (+3).
   It affects your dexterity (-5).
   It protects you from negative energy.
   It increases your rate of health regeneration.
   It makes you more stealthy.
 m - a ring of willpower
 y - a ring of positive energy
 G - a +4 ring of evasion
 N - an amulet of magic regeneration
Wands
 a - a wand of paralysis (6)
 u - a wand of flame (29)
 x - a wand of charming (7)
 I - a wand of iceblast (30)
 K - a wand of mindburst (9)
 M - a wand of polymorph (1)
 O - a wand of digging (4)
Scrolls
 c - 5 scrolls of blinking
 d - 3 scrolls of enchant armour
 e - 2 scrolls of fear
 h - a scroll of enchant weapon
 n - a scroll of fog
 t - 4 scrolls of vulnerability
 v - 2 scrolls of immolation
 w - 3 scrolls of teleportation
 D - a scroll of magic mapping
 L - a scroll of torment {unknown}
 R - a scroll of brand weapon {unknown}
Potions
 b - a potion of heal wounds
 o - a potion of resistance
 p - 2 potions of curing
 q - a potion of cancellation
 r - 2 potions of magic
 z - a potion of brilliance
 A - a potion of ambrosia
 B - a potion of haste
 Q - 2 potions of might
Miscellaneous
 P - a phantom mirror


   Skills:
 + Level 3.6 Fighting
 + Level 2.5 Short Blades
 + Level 3.8 Polearms
 + Level 5.0 Dodging
 + Level 5.2 Stealth
 + Level 13.7 Spellcasting


You had 4 spell levels left.
You knew the following spells:

 Your Spells              Type           Power      Damage    Failure   Level
a - Foxfire               Conj/Fire      100%       2x1d9     0%          1
b - Conjure Flame         Conj/Fire      82%        6-21      1%          3
c - Inner Flame           Hex/Fire       82%        N/A       1%          3
d - Sticky Flame          Conj/Fire      82%        2d9       1%          4
e - Fireball              Conj/Fire      41%        3d17      1%          5
f - Corona                Hex            91%        N/A       0%          1
g - Passwall              Tmut/Erth      68%        N/A       0%          2
h - Lesser Beckoning      Tloc           41%        N/A       1%          3
i - Dispel Undead         Necr           82%        3d27      1%          4
j - Olgreb's Toxic Radia  Pois           82%        N/A       1%          4
k - Yara's Violent Unrav  Hex/Tmut       41%        3d16      1%          5
Your spell library was empty.

Dungeon Overview and Level Annotations

Branches:
Dungeon (13/15)            Temple (0/1) D:7            Lair (0/6) D:9
    Orc (0/2) D:12          Sewer (visited)
 Vaults: D:13-14

Altars:
Cheibriados
Gozag
Qazlal
Sif Muna
Trog
Vehumet

Shops:
D:4 *   D:7 [   D:8 ==   D:13 (

Annotations:
D:9 3 runed translucent doors, McSplat's ghost, novice DrWr


Innate Abilities, Weirdness & Mutations

You are immune to sickness and miasma.
You are immune to poison.
Your flesh is very heat resistant. (rF++)
You are vulnerable to cold. (rC-)
You float through the air rather than walking.
You learn spells naturally, not from books.
Your magical power is your life essence.
You have superior vitality. (+4 HP)


Message History

Aim: a deep elf archer, wielding a +0 dagger, wearing a +0 leather armour and quivering arrows (heavily wounded, repelling missiles, very poisoned)
The fireball explodes!
The fireball engulfs the deep elf archer!!
You kill the deep elf archer!
The deep elf sorcerer looks even sicker.
The deep elf archer looks as sick as possible!
Your toxic aura wanes.
The deep elf sorcerer mumbles some strange words.
The deep elf sorcerer seems to speed up.
You hear a shout!
A deep elf knight comes into view.
The deep elf sorcerer casts a spell at you.
The sphere of damnation explodes!
The damnation engulfs you!!!
* * * LOW HITPOINT WARNING * * *
Casting: Fireball (dangerous; 1% risk of failure)
Confirm with . or Enter, or press ? or * to list all spells.
Aiming: Fireball (dangerous; 1% risk of failure)
Press: ? - help, Shift-Dir - straight line, f - deep elf sorcerer
Aim: a deep elf sorcerer, wielding a +0 rapier (severely wounded, fast, very poisoned)
The fireball explodes!
The fireball engulfs the deep elf sorcerer!!
You kill the deep elf sorcerer!
* * * LOW HITPOINT WARNING * * *
Your Dodging skill increases to level 5!
You have reached level 13!
The power to cast Yara's Violent Unravelling wells up from within.
Spell assigned to 'k'.
You feel much better.
The deep elf knight gestures wildly while chanting.
The deep elf knight seems to speed up.
The deep elf knight casts a spell at itself.
The deep elf knight flickers and vanishes for a moment.
Things that are here:
4 gold pieces; a +0 rapier The deep elf knight wields a +0 shortbow.
The deep elf knight shoots an arrow.
The arrow hits you!!
* * * LOW HITPOINT WARNING * * *
The deep elf knight shoots an arrow.
The arrow hits you!
You die...
Your body crumbles into a pile of gold.

#.########## ####......$$ee.
####.###.$######## #.....##>e#
#.##.###..#### #.##.###.....#
#.##.........#
#.######.....######.# #.#
#[..#.@......# ## ##.##
#.....######## #. ##...## ##.####
#. ##.###.#####.## #. ...#
#........# #. #..###........#
###########. #......#......######
#...........
#......#...............######....
#...........).##### #####.#.#


You could see a deep elf knight (fast, invisible).

Vanquished Creatures
  A deep elf sorcerer (D:13)
  Fannar (D:11)
  3 boulder beetles (D:12)
  A two-headed ogre (D:12)
  A deep elf archer (D:13)
  An ugly thing (D:8)
  A deep elf pyromancer (D:13)
  A cyclops (D:13)
  2 manticores (D:13)
  Joseph (D:10)
  2 gargoyles
  A komodo dragon (D:9)
  An unseen horror (D:11)
  Psyche (D:12)
  3 meliai (D:13)
  The ghost of ZappyNine the Sneak, a novice VSBr of Vehumet (D:6)
  3 hornets
  4 trolls
  3 slime creatures (D:9)
  2 shadows
  6 yaks
  A wraith (D:12)
  A basilisk (D:12)
  A steam dragon (D:8)
  4 vampire mosquitoes (D:13)
  An acid dragon (D:10)
  4 water moccasins
  2 orc warriors
  3 ice beasts
  A hornet zombie (D:8)
  An ogre (D:5)
  A necrophage (D:7)
  5 centaurs
  2 phantoms
  3 kobold brigands
  Blork the orc (D:6)
  8 bullfrogs
  8 scorpions
  2 water moccasin skeletons
  5 killer bees (D:11)
  2 jellies
  6 wights
  4 howler monkeys
  2 bullfrog zombies (D:6)
  2 centaur zombies
  An iron imp (D:11)
  4 orc priests
  3 hounds
  A centaur skeleton (D:5)
  Jessica (D:3)
  Natasha (thrice) (D:3)
  7 iguanas
  5 orc wizards
  A hound skeleton (D:4)
  A howler monkey zombie (D:5)
  A gnoll (D:5)
  7 adders
  3 shadow imps
  A white imp (D:6)
  2 ufetubi
  A worm (D:2)
  2 dart slugs
  35 orcs
  9 bats
  14 endoplasms
  17 giant cockroaches
  4 goblins
  9 hobgoblins
  7 jackals
  18 kobolds
  16 quokkas
  19 ball pythons
  18 frilled lizards
  12 rats
332 creatures vanquished.

Vanquished Creatures (others)
  892 foxfires
  12 fungi (D:9)
  13 plants (D:9)
917 creatures vanquished.

Grand Total: 1249 creatures vanquished

Notes
Turn   | Place    | Note
-------+----------+-------------------------------------------
     0 | D:1      | robertstho the Djinni Fire Elementalist began the quest for
                  | the Orb.
     0 | D:1      | Reached XP level 1. HP: 15/15 MP: 0/0
   348 | D:1      | Reached XP level 2. HP: 18/21 MP: 0/0
  1237 | D:1      | Reached skill level 3 in Spellcasting
  1237 | D:1      | Reached XP level 3. HP: 19/25 MP: 0/0
  1237 | D:1      | Learned a level 1 spell: Corona
  1543 | D:2      | Found an opulent altar of Gozag.
  1581 | D:2      | Became a worshipper of Gozag Ym Sagoz the Greedy
  2028 | D:2      | Noticed a necrophage
  2424 | D:2      | You are sucked into a shaft and drop 2 floors!
  2542 | D:4      | Reached XP level 4. HP: 29/31 MP: 0/0
  2650 | D:4      | Noticed a phantom
  2657 | D:4      | Killed a phantom
  2658 | D:4      | Reached XP level 5. HP: 30/35 MP: 0/0
  2658 | D:4      | Learned a level 2 spell: Passwall
  2718 | D:4      | Reached skill level 4 in Spellcasting
  3148 | D:4      | Found Qaage's Assorted Antiques.
  3152 | D:4      | Bought a knobbly sapphire ring for 110 gold pieces
  3152 | D:4      | Bought a scroll labelled CIUT ZIMEGE for 22 gold pieces
  3152 | D:4      | Bought a scroll labelled AFFOPL JOTZI for 22 gold pieces
  3152 | D:4      | Bought a scroll labelled CIUT ZIMEGE for 22 gold pieces
  3189 | D:4      | Noticed a yak
  3210 | D:3      | Noticed Natasha
  3212 | D:3      | Killed Natasha
  3352 | D:3      | Noticed Natasha
  3357 | D:3      | Killed Natasha
  3358 | D:3      | Reached XP level 6. HP: 36/41 MP: 0/0
  3904 | D:3      | Found a faded altar of an unknown god.
  4104 | D:3      | Noticed Jessica
  4109 | D:3      | Killed Jessica
  4689 | D:4      | Killed a yak
  4690 | D:4      | Reached skill level 5 in Spellcasting
  4690 | D:4      | Reached XP level 7. HP: 33/46 MP: 0/0
  4690 | D:4      | Learned a level 3 spell: Lesser Beckoning
  4782 | D:4      | Noticed a yak
  4784 | D:4      | Noticed a yak
  4787 | D:4      | Noticed a yak
  4790 | D:4      | Noticed a yak
  4795 | D:4      | Killed a yak
  4796 | D:4      | Reached skill level 1 in Fighting
  4804 | D:3      | Noticed Natasha
  4808 | D:3      | Killed Natasha
  5528 | D:4      | Reached XP level 8. HP: 50/52 MP: 0/0
  5665 | D:4      | Reached skill level 6 in Spellcasting
  5731 | D:4      | Killed a yak
  5732 | D:4      | Reached skill level 1 in Short Blades
  5734 | D:4      | Killed a yak
  5741 | D:4      | Killed a yak
  6079 | D:5      | Entered Level 5 of the Dungeon
  6356 | D:5      | Reached skill level 7 in Spellcasting
  6361 | D:5      | Reached XP level 9. HP: 23/58 MP: 0/0
  6361 | D:5      | Learned a level 4 spell: Dispel Undead
  7821 | D:6      | Noticed Blork the orc
  7823 | D:6      | Killed Blork the orc
  7922 | D:6      | Identified the +3 chain mail of Wuollil {Regen+ Str+5}
  7937 | D:6      | Identified 2 scrolls of acquirement
  7941 | D:6      | Acquired the ring "Qeohea Gorua" {rF+ Str+4 Int+6}
  7944 | D:6      | Acquired an amulet "Exukoafi" {rN+ Regen+ Int+3 Dex-5
                  | Stlth+}
  8006 | D:6      | Reached skill level 8 in Spellcasting
  8212 | D:6      | Found a glowing drain.
  8233 | Sewer    | Entered a sewer
  9036 | D:6      | Noticed ZappyNine's ghost (novice VSBr)
  9059 | D:6      | Found a runed translucent gate.
  9059 | D:6      | Found a runed translucent gate.
  9061 | D:6      | Found a runed translucent gate.
  9240 | D:6      | Reached skill level 9 in Spellcasting
  9247 | D:6      | Reached XP level 10. HP: 33/64 MP: 0/0
  9522 | D:6      | Killed ZappyNine's ghost
  9661 | D:7      | Reached skill level 10 in Spellcasting
  9707 | D:7      | Found a staircase to the Ecumenical Temple.
 10433 | D:7      | Bought a pair of embroidered gloves for 210 gold pieces
 10449 | D:8      | Found Beegh's Jewellery Shoppe.
 10479 | D:8      | Noticed a brown ugly thing
 10485 | D:8      | Killed a brown ugly thing
 10867 | D:8      | Found a bloodstained altar of Trog.
 10867 | D:8      | Found a stormy altar of Qazlal.
 11007 | D:8      | Found Somiudap's Jewellery Shop.
 11166 | D:9      | You are sucked into a shaft and drop 2 floors!
 11190 | D:11     | Found the +8 lance "Wyrmbane" {slay drac, rPois rF+ rC+
                  | AC+3}
 11237 | D:11     | Noticed Fannar
 11240 | D:11     | Killed Fannar
 11241 | D:11     | Reached skill level 11 in Spellcasting
 11241 | D:11     | Reached XP level 11. HP: 56/68 MP: 0/0
 11241 | D:11     | Learned a level 4 spell: Olgreb's Toxic Radiance
 11417 | D:11     | Found a snail-covered altar of Cheibriados.
 11932 | D:10     | Entered Level 10 of the Dungeon
 12163 | D:10     | Reached skill level 1 in Polearms
 12485 | D:10     | Noticed Joseph
 12492 | D:10     | Killed Joseph
 12880 | D:9      | Reached skill level 5 in Stealth
 12974 | D:9      | Reached skill level 12 in Spellcasting
 13244 | D:9      | Found a runed translucent gate.
 13244 | D:9      | Found a runed translucent gate.
 13244 | D:9      | Found a runed translucent gate.
 13248 | D:9      | Noticed McSplat's ghost (novice DrWr)
 13432 | D:9      | Found a staircase to the Lair.
 13839 | D:12     | Found a staircase to the Orcish Mines.
 13839 | D:12     | Noticed a boulder beetle
 13844 | D:12     | Killed a boulder beetle
 13845 | D:12     | Reached XP level 12. HP: 51/76 MP: 0/0
 13925 | D:12     | Noticed a boulder beetle
 13929 | D:12     | Noticed a two-headed ogre
 13932 | D:12     | Killed a boulder beetle
 13941 | D:12     | Killed a two-headed ogre
 13971 | D:12     | Noticed Psyche
 13973 | D:12     | Killed Psyche
 14014 | D:12     | Identified the +3 falchion "Kiusoemp" {drain, Fragile rElec
                  | rPois Dex+9}
 14131 | D:12     | Identified the +1 hand axe "Yblimaurch" {venom, Str+3
                  | Dex+4}
 14162 | D:12     | Noticed a boulder beetle
 14171 | D:12     | Killed a boulder beetle
 14483 | D:13     | Reached skill level 13 in Spellcasting
 14622 | D:13     | Found Sopnir's Antique Weapon Boutique.
 14887 | D:13     | Noticed a deep elf sorcerer
 14890 | D:13     | Noticed a deep elf knight
 14891 | D:13     | Killed a deep elf sorcerer
 14892 | D:13     | Reached skill level 5 in Dodging
 14892 | D:13     | Reached XP level 13. HP: 3/82 MP: 0/0
 14892 | D:13     | Learned a level 5 spell: Yara's Violent Unravelling
 14899 | D:13     | Shot with an arrow by a deep elf knight

Illustrated notes

Levels and vault maps discovered:
D:1:      dpeg_arrival_line_fractal, layout_rooms, minmay_rat_gold_closets
D:2:      layout_loops_cross, basic_altar, kennysheep_generic_room_7
D:3:      layout_loops_cross, hellmonk_ecumenical_altar_heavens_door,
          kennysheep_nondescript, uniq_natasha, uniq_jessica
D:4:      minmay_chambers_of_twos, layout_loops_ring, serial_shops, shop,
          minmay_misc_feat_square
D:5:      layout_basic, amcnicky_altar_gilded, serial_glass, glass_columns_b,
          glass_columns_c, minmay_bent
D:6:      layout_loops_ring, portal_sewer_entry_f, gammafunk_ghost_split,
          eino_curves_01, uniq_blork_the_orc
D:7:      layout_basic, lemuel_coloured_pillars_altar,
          minmay_temple_entry_trees, amcnicky_mini_corridor_feature,
          kennysheep_cluttered_room
D:8:      layout_rooms, gammafunk_temple_overflow_elements, serial_shops, shop,
          kennysheep_mini
D:9:      layout_long_grid, grunt_lair_entry_orc_guard_hut,
          ebering_ghost_rock_garden, nicolae_underground_beach
D:10:     layout_basic, statue_in_the_mist_lemuel, uniq_joseph
D:11:     layout_basic, slow_altar_1, uniq_fannar
D:12:     layout_rooms, orc_0_dummy, uniq_psyche
D:13:     layout_loops_ring, serial_shops, nicolae_shop_statue_plus

Skill      XL: |  1  2  3  4  5  6  7  8  9 10 11 12 |
---------------+-------------------------------------+-----
Spellcasting   | 3 4 5 7 9 11 12 13 | 13.7
Stealth        | 2 3 4 5 |  5.2
Dodging        | 3 4 5 |  5.0
Fighting       | 1 2 3 |  3.6
Short Blades   | 2 |  2.5
Polearms       | 2 3 |  3.8

Action                   |  1- 3 |  4- 6 |  7- 9 | 10-12 | 13-15 || total
-------------------------+-------+-------+-------+-------+-------++-------
Melee: Unarmed           |     1 |       |       |       |       ||     1
       Dagger            |       |     7 |    16 |     2 |       ||    25
       Lance             |       |       |       |    44 |       ||    44
 Cast: Foxfire           |   109 |    88 |   295 |    67 |       ||   559
       Sticky Flame      |       |     2 |    13 |    19 |       ||    34
       Conjure Flame     |       |     1 |     3 |     1 |       ||     5
       Fireball          |       |       |    21 |   101 |       ||   122
       Dispel Undead     |       |       |       |     7 |       ||     7
       Olgreb's Toxic Ra |       |       |       |    33 |       ||    33
Invok: Call Merchant     |       |       |       |     1 |       ||     1
  Use: Scroll            |       |       |    18 |     7 |       ||    25
       Potion            |       |       |       |       |     1 ||     1
 Stab: Distracted        |       |       |       |     2 |       ||     2
       Sleeping          |       |       |       |     1 |       ||     1
Armor: Robe              |    10 |    11 |     9 |    16 |       ||    46
Dodge: Dodged            |    14 |    14 |    29 |    42 |       ||    99

Table legend: (Time is in decaauts)
 A = Elapsed time spent in this place.
 B = Non-inter-level travel time spent in this place.
 C = Inter-level travel time spent in this place.
 D = Time resting spent in this place.
 E = Time spent auto-exploring this place.
 F = Levels seen in this place.
 G = Mean time per level.
                   A        B        C        D        E       F      G
               +--------+--------+--------+--------+--------+-----+--------+
         Total |  14911 |  14227 |    684 |   1131 |  11022 |  14 | 1065.1 |
       Dungeon |  14396 |  13712 |    684 |   1131 |  10715 |  13 | 1107.4 |
         Sewer |    514 |    514 |      0 |      0 |    307 |   1 |  514.0 |
               +--------+--------+--------+--------+--------+-----+--------+

Top non-repeatable levels by time:
     D:4: 1924 daAuts
     D:5: 1741 daAuts
     D:1: 1637 daAuts
     D:3: 1331 daAuts
     D:6: 1242 daAuts
     D:2: 1188 daAuts
     D:9: 961 daAuts
    D:10: 914 daAuts
     D:7: 871 daAuts
    D:11: 808 daAuts
     D:8: 708 daAuts
    D:12: 675 daAuts
   Sewer: 514 daAuts
    D:13: 391 daAuts
